 Dungeon Crawl Stone Soup version 0.31-a0-1611-g890cdf5 (webtiles) character file.

Game seed: 165981414777953203

60 PidgeyThePirate the Chopper (level 3, -3/29 HPs)
             Began as a Demonspawn Chaos Knight on Jan 8, 2024.
             Was a Plaything of Xom.
             Slain by a water moccasin (7 damage)
             ... on level 3 of the Dungeon.
             The game lasted 00:04:49 (1996 turns).

PidgeyThePirate the Chopper (DsCK)                  Turns: 1996, Time: 00:04:50

Health: -3/29      AC:  5    Str: 14      XL:     3   Next: 82%
Magic:  3/3        EV: 11    Int: 12      God:    Xom [..*...]
Gold:   108        SH:  0    Dex:  9 (10) Spells: 2/2 levels left

rFire   . . .        a - +0 hand axe (chaos)
rCold   . . .        (no shield)
rNeg    . . .        b - +2 leather armour
rPois   .            (helmet restricted)
rElec   .            (no cloak)
rCorr   .            (no gloves)
SInv    .            (no boots)
Will    .....        (no amulet)
Stlth   +            (no ring)
HPRegen 0.24/turn    (no ring)
MPRegen 0.08/turn

%: no passive effects
@: lethally poisoned (-3 -> -15), about to teleport, hasted, very quick
A: hooves 1, horns 1, clumsy 1, mutation resistance 1
a: Renounce Religion


You were on level 3 of the Dungeon.
You worshipped Xom.
You were a toy of Xom.
You visited 1 branch of the dungeon, and saw 3 of its levels.

You collected 108 gold pieces.

Inventory:

Hand Weapons
 a - a +0 hand axe of chaos (weapon)
Armour
 b - a +2 leather armour (worn)
Jewellery
 g - a ring of ice
Scrolls
 c - a scroll of butterflies
 h - a scroll of immolation {unknown}
 i - a scroll of enchant weapon {unknown}
Potions
 f - 2 potions of mutation


   Skills:
 + Level 3.4 Fighting
 * Level 3.5 Axes
 + Level 2.2 Armour
 + Level 1.0 Dodging
 + Level 0.8 Stealth


You had 2 spell levels left.
You didn't know any spells.
Your spell library contained the following spells:

 Spells                   Type           Power      Damage    Failure   Level
 Magic Dart               Conj           0%         1d3       38%         1
 Blink                    Tloc           0%         N/A       52%         2
 Call Imp                 Summ           0%         N/A       52%         2
 Conjure Ball Lightning   Conj/Air       0%         3x3d6     100%        6
 Discord                  Hex            0%         N/A       100%        8
 Disjunction              Tloc           0%         N/A       100%        8


Dungeon Overview and Level Annotations

Branches:
Dungeon (3/15)

Altars:

Shops:
D:1 !(==!


Innate Abilities, Weirdness & Mutations

You have large cloven feet.
You have a pair of small horns on your head.
You are clumsy. (Dex -2)
You are somewhat resistant to further mutation.


Message History

You barely miss the water moccasin. Your kick misses the water moccasin.
The water moccasin closely misses you. The water moccasin bites you.
You are poisoned.
The water moccasin poisons you!
You slash the water moccasin!
The water moccasin seems to slow down.
You freeze the water moccasin.
Your headbutt misses the water moccasin.
The water moccasin is moderately wounded.
You feel very sick.
The water moccasin bites you but does no damage.
It was a potion of mutation.
You feel extremely strange.
You regain control of your magic.
You feel agile.
You feel genetically stable.
You feel sick. The water moccasin misses you.
It was a potion of haste.
You feel yourself speed up.
Xom thinks this is hilarious!
You feel sick. The water moccasin bites you.
You miss the water moccasin.
The water moccasin is moderately wounded.
You feel sick.
You hit the water moccasin but do no damage.
The water moccasin is moderately wounded.
You feel sick.
The water moccasin bites you but does no damage.
You hit the water moccasin but do no damage.
Your kick misses the water moccasin.
Your headbutt misses the water moccasin.
The water moccasin is moderately wounded.
You feel sick.
The water moccasin is no longer moving slowly.
The water moccasin bites you!
* * * LOW HITPOINT WARNING * * *
You are lethally poisoned!
The water moccasin poisons you!
Okay, then.
As you read the scroll labelled GAJASI ETSU, it crumbles to dust.
You feel strangely unstable.
It was a scroll of teleportation.
* * * LOW HITPOINT WARNING * * *
You feel sick. The water moccasin bites you!
You die...
Xom howls with laughter!

########.###..#
#.##...#
#####......#
.............#
..#######..#.#
#......#...# .
.........#.# ...
.........###.....
.........@S......
.............#...
######+#.###.#
#.# # #.# #.. ###


You could see a water moccasin.

Vanquished Creatures
  2 adders
  5 bats
  3 endoplasms
  A giant cockroach (D:1)
  5 goblins
  6 hobgoblins
  3 quokkas
  6 ball pythons
  3 frilled lizards
  3 kobolds
  4 rats
41 creatures vanquished.

Notes
Turn   | Place    | Note
-------+----------+-------------------------------------------
     0 | D:1      | PidgeyThePirate the Demonspawn Chaos Knight began the quest
                  | for the Orb.
     0 | D:1      | Reached XP level 1. HP: 18/18 MP: 1/1
    22 | D:1      | Found Raph's Jewellery Shoppe.
    80 | D:1      | XOM: divination: magic mapping
   188 | D:1      | Found a faded altar of an unknown god.
   289 | D:1      | Found Ixioll's Weapon Shoppe.
   305 | D:1      | XOM: noise
   307 | D:1      | Discovered your monstrous ancestry.
   307 | D:1      | Gained mutation: You have large cloven feet. [demonic
                  | ancestry]
   307 | D:1      | Reached XP level 2. HP: 24/24 MP: 2/2
   411 | D:1      | Found Ixixi's Distillery.
   592 | D:1      | XOM: torment (13/24 hp)
   864 | D:1      | XOM: noise
   963 | D:1      | XOM: god gift: book of Minor Magic
   994 | D:1      | Found Gilitut's Distillery.
  1049 | D:1      | Found Rieffuev's Jewellery Emporium.
  1091 | D:1      | XOM: give mutation
  1091 | D:1      | Gained mutation: You are clumsy. (Dex -2) [Xom's mischief]
  1276 | D:2      | Reached XP level 3. HP: 24/29 MP: 3/3
  1337 | D:2      | Reached skill level 1 in Dodging
  1532 | D:2      | XOM: give mutations
  1532 | D:2      | Gained mutation: You have a pair of small horns on your
                  | head. [Xom's mischief]
  1532 | D:2      | Gained mutation: You are very clumsy. (Dex -4) [Xom's
                  | mischief]
  1532 | D:2      | Gained mutation: Your spells are a little harder to cast,
                  | but a little more powerful. [Xom's mischief]
  1826 | D:2      | XOM: summons 1 hostile demon
  1986 | D:3      | Noticed a water moccasin
  1991 | D:3      | Lost mutation: Your spells are a little harder to cast, but
                  | a little more powerful. [potion of mutation]
  1991 | D:3      | Lost mutation: You are very clumsy. (Dex -4) [potion of
                  | mutation]
  1991 | D:3      | Gained mutation: You are somewhat resistant to further
                  | mutation. [potion of mutation]
  1996 | D:3      | Slain by a water moccasin

Illustrated notes

Levels and vault maps discovered:
D:1:      lemuel_arrival_hallway, layout_basic, serial_shops,
          nicolae_shop_industrial_runoff, shop, nicolae_shop_gibbet_a_chance,
          shop, shop, basic_ecumenical_altar
D:2:      layout_loops_ring
D:3:      layout_basic, nicolae_tso_besieged_by_evil, vehumet_statue,
          mainiacjoe_overflow_alcove_4, serial_shops, shop, uniq_robin,
          uniq_ijyb, uniq_grinder

Skill      XL: |  1  2  3 |
---------------+----------+-----
Axes           | 3 |  3.5
Armour         | 2 |  2.2
Dodging        | 1 |  1.0
Fighting       | |  3.4
Stealth        | |  0.8

Action                     || total
---------------------------++-------
  Melee: Hand axe          ||   133
         Kick              ||     9
         Punch             ||     1
         Headbutt          ||     2
    Use: Potion            ||     2
         Scroll            ||     1
   Stab: Paralysed         ||     1
 Armour: Leather armour    ||    93
  Dodge: Dodged            ||    92

Table legend: (Time is in decaauts)
 A = Elapsed time spent in this place.
 B = Non-inter-level travel time spent in this place.
 C = Inter-level travel time spent in this place.
 D = Time resting spent in this place.
 E = Time spent auto-exploring this place.
 F = Levels seen in this place.
 G = Mean time per level.
                   A        B        C        D        E       F      G
               +--------+--------+--------+--------+--------+-----+--------+
         Total |   2014 |   1881 |    133 |      0 |   1463 |   3 |  671.3 |
       Dungeon |   2014 |   1881 |    133 |      0 |   1463 |   3 |  671.3 |
               +--------+--------+--------+--------+--------+-----+--------+

Top non-repeatable levels by time:
     D:1: 1202 daAuts
     D:2: 778 daAuts
     D:3: 33 daAuts
